 Dungeon Crawl Stone Soup version 0.20.1-1-g8b1a95d (webtiles) character file.

6035 schauveau the Archer (level 10, -9/90 HPs)
             Began as a Centaur Hunter on Dec 3, 2017.
             Was a High Priest of Makhleb.
             Mangled by a two-headed ogre
             ... wielding a +0 giant club
              (16 damage)
             ... on level 11 of the Dungeon.
             The game lasted 00:24:57 (11001 turns).

schauveau the Archer (Centaur Hunter)              Turns: 11001, Time: 00:24:57

Health: -9/90      AC: 13    Str: 16    XL:     10   Next: 56%
Magic:  14/14      EV:  3    Int: 10    God:    Makhleb [*****.]
Gold:   474        SH:  0    Dex: 12    Spells: 9/9 levels left

rFire    + + .     SeeInvis .   b - +2 long sword (holy)
rCold    + . .     Gourm    .   (no shield)
rNeg     . . .     Faith    +   T - +0 plate armour
rPois    +         Spirit   .   s - +1 helmet
rElec    .         Reflect  .   F - scarf {rC+ rF+}
rCorr    .         Harm     .   n - +0 pair of gloves
MR       .....                  (no barding)
Stlth    ..........             v - amulet of faith
Regen    0.3/turn               t - ring of protection from fire
MPRegen  0.2/turn               x - ring of poison resistance

@: very quick
A: hooves 3, deformed body, speed 2, tough skin 3
a: Minor Destruction, Lesser Servant of Makhleb, Major Destruction, Greater
Servant of Makhleb, Renounce Religion


You were on level 11 of the Dungeon.
You worshipped Makhleb.
Makhleb was extremely pleased with you.
You were not hungry.

You visited 1 branch of the dungeon, and saw 11 of its levels.

You collected 603 gold pieces.
You spent 129 gold pieces at shops.

Inventory:

Hand Weapons
 a - a +1 shortbow
 b - a +2 long sword of holy wrath (weapon)
 u - a +1 hand axe of chopping
 B - a +0 morningstar
 O - a +2 great sword
 P - the +10 whip "Omelette" {flame, rPois MR+ Str+4}
   (You found it on level 8 of the Dungeon)

   It has been specially enchanted to burn those struck by it, causing extra
   injury to most foes and up to half again as much damage against particularly
   susceptible opponents.
   It affects your strength (+4).
   It protects you from poison.
   It affects your resistance to hostile enchantments.
Missiles
 d - 88 arrows
 k - 30 poisoned needles
 y - 15 tomahawks (quivered)
Armour
 n - a +0 pair of gloves (worn)
 s - a +1 helmet (worn)
 F - a scarf of resistance (worn)
 S - a scarf of cloud immunity
 T - a +0 plate armour (worn)
Jewellery
 t - a ring of protection from fire (left hand)
 v - an amulet of faith (around neck)
 x - a ring of poison resistance (right hand)
Wands
 e - a wand of lightning (7/15)
 D - a wand of random effects (23/48)
 H - a wand of random effects (32/48)
 Q - a wand of flame (33/48)
 V - a wand of clouds (1/9)
 X - a wand of paralysis (14/24)
Scrolls
 c - 2 scrolls of blinking
 g - 4 scrolls of amnesia
 h - 7 scrolls of teleportation
 w - 5 scrolls of remove curse
 C - 2 scrolls of magic mapping
 I - 6 scrolls of identify
 L - a scroll of noise {unknown}
 N - a scroll of recharging
 R - a scroll of summoning {unknown}
 W - a scroll of immolation {unknown}
Potions
 i - 3 potions of ambrosia
 m - 3 potions of curing
 o - 3 potions of flight
 p - 3 potions of might
 q - 4 potions of heal wounds
 r - 3 potions of agility
 A - a potion of berserk rage
 E - a potion of resistance {unknown}
 G - 4 potions of mutation {unknown}
 J - 2 potions of lignification {unknown}
 K - 3 potions of haste {unknown}
 M - 2 potions of invisibility {unknown}
 U - 2 potions of cancellation {unknown}
Comestibles
 f - 6 bread rations
 j - 4 meat rations
 l - 2 royal jellies
 z - 7 fruits


   Skills:
 + Level 8.5 Fighting
 * Level 6.4 Long Blades
 - Level 12.6 Bows
 + Level 3.7 Armour
 - Level 1.3 Dodging
 - Level 0.4 Stealth
 + Level 5.4 Invocations


You had 9 spell levels left.
You didn't know any spells.

Dungeon Overview and Level Annotations

Branches:
Dungeon (11/15)            Temple (0/1) D:4            Lair (0/6) D:10
    Orc (0/2) D:10

Altars:
Dithmenos
Elyvilon
Fedhas
Hepliaklqana
Kikubaaqudgha
Makhleb
Nemelex Xobeh
Okawaru
Qazlal
Trog
Uskayaw
Vehumet
Yredelemnul

Shops:
D:6 *   D:9 *


Innate Abilities, Weirdness & Mutations

You have hooves in place of feet.
Armour fits poorly on your strangely shaped body.
You cover ground very quickly.
You have extremely tough skin. (AC +3)


Message History

The two-headed ogre hits you with a giant spiked club.
You are too injured to fight recklessly!
You are too injured to fight recklessly!
You are too injured to fight recklessly!
You are too injured to fight recklessly!
You are too injured to fight recklessly!
You slash the two-headed ogre!
You kick the two-headed ogre, but do no damage.
The two-headed ogre is almost dead.
You closely miss the two-headed ogre. You kick the two-headed ogre!
The two-headed ogre is almost dead.
The two-headed ogre hits you with a giant club!
* * * LOW HITPOINT WARNING * * *
The two-headed ogre hits you with a giant spiked club!
* * * LOW HITPOINT WARNING * * *
You hit the two-headed ogre.
You kick the two-headed ogre, but do no damage.
The two-headed ogre is almost dead.
The two-headed ogre hits you with a giant club!
You die...

#.##+#
..#...#
##.....##
#.......##
../......#
.......O.+
.......@.#
#......<##
##.....##
##...#
##+#


You could see a two-headed ogre.

Vanquished Creatures
  A two-headed ogre (D:10)
  A komodo dragon (D:10)
  A hornet (D:7)
  Prince Ribbit (D:8)
  2 hippogriffs
  Grinder (D:6)
  A meliai zombie (D:10)
  3 yaks (D:10)
  A water moccasin (D:8)
  4 orc warriors
  2 ice beasts
  5 ogres
  A phantom (D:5)
  A centaur (D:10)
  A big kobold (D:10)
  3 bullfrogs
  Blork the orc (D:4)
  A water moccasin zombie (D:6)
  A scorpion (D:6)
  5 wights (D:8)
  8 howler monkeys
  2 crimson imps
  A centaur zombie (D:10)
  5 orc priests
  5 hounds
  10 orc wizards
  Natasha (thrice) (D:4)
  3 iguanas
  8 worker ants
  A worker ant zombie (D:6)
  5 gnolls
  9 adders
  4 shadow imps
  2 oozes
  2 worms
  4 dart slugs (D:1)
  3 leopard geckos
  60 orcs
  6 giant cockroaches
  2 goblins (D:1)
  8 hobgoblins
  3 jackals
  8 kobolds
  3 quokkas
  3 bats
  4 frilled lizards
  A giant cockroach zombie (D:6)
  A leopard gecko skeleton (D:4)
  A quokka zombie (D:5)
  7 rats
219 creatures vanquished.

Vanquished Creatures (others)
  A plant (D:10)
1 creature vanquished.

Grand Total: 220 creatures vanquished

Notes
Turn   | Place    | Note
-------+----------+-------------------------------------------
     0 | D:1      | schauveau the Centaur Hunter began the quest for the Orb.
     0 | D:1      | Reached XP level 1. HP: 17/17 MP: 1/1
   122 | D:1      | Reached XP level 2. HP: 24/25 MP: 2/2
   422 | D:1      | Reached skill level 6 in Bows
   532 | D:1      | Reached XP level 3. HP: 25/30 MP: 3/3
  1461 | D:2      | Found a stormy altar of Qazlal.
  1886 | D:2      | Reached XP level 4. HP: 34/38 MP: 4/4
  2149 | D:2      | Found an ancient bone altar of Kikubaaqudgha.
  2405 | D:3      | Reached skill level 7 in Bows
  2667 | D:3      | Reached XP level 5. HP: 43/45 MP: 5/5
  2763 | D:3      | Found a burning altar of Makhleb.
  2764 | D:3      | Found a basalt altar of Yredelemnul.
  2853 | D:3      | Found a white marble altar of Elyvilon.
  2945 | D:3      | Became a worshipper of Makhleb the Destroyer
  3286 | D:4      | Noticed Natasha
  3293 | D:4      | Killed Natasha
  3321 | D:4      | Found a staircase to the Ecumenical Temple.
  3376 | D:4      | Noticed Natasha
  3392 | D:4      | Killed Natasha
  3392 | D:4      | Reached skill level 8 in Bows
  3402 | D:4      | Noticed Natasha
  3412 | D:4      | Killed Natasha
  3412 | D:4      | Reached XP level 6. HP: 13/52 MP: 6/6
  3732 | D:4      | Found a hazy altar of Hepliaklqana.
  4021 | D:4      | Found an iron altar of Okawaru.
  4049 | D:4      | Noticed Blork the orc
  4245 | D:4      | Killed Blork the orc
  4423 | D:5      | Entered Level 5 of the Dungeon
  4468 | D:5      | Reached skill level 9 in Bows
  4620 | D:5      | Found a bloodstained altar of Trog.
  4623 | D:5      | Reached XP level 7. HP: 50/60 MP: 7/7
  4672 | D:5      | Found a radiant altar of Vehumet.
  4713 | D:5      | Found a shadowy altar of Dithmenos.
  4753 | D:5      | Reached skill level 5 in Fighting
  4801 | D:5      | Reached * piety under Makhleb
  4895 | D:5      | Noticed a hippogriff
  4935 | D:5      | Killed a hippogriff
  4935 | D:5      | Reached skill level 10 in Bows
  5320 | D:5      | Reached XP level 8. HP: 55/70 MP: 8/8
  5542 | D:6      | Reached skill level 11 in Bows
  5664 | D:6      | Noticed Grinder
  5706 | D:6      | Killed Grinder
  5953 | D:6      | Found Xeitruc's Assorted Antiques.
  5960 | D:6      | Reached ** piety under Makhleb
  5960 | D:6      | Reached skill level 12 in Bows
  5990 | D:6      | Bought a black potion for 32 gold pieces
  5990 | D:6      | Bought a golden potion for 32 gold pieces
  6302 | D:6      | Found a blossoming altar of Fedhas.
  6489 | D:7      | Noticed a hornet
  6515 | D:7      | Killed a hornet
  6515 | D:7      | Reached skill level 1 in Long Blades
  6515 | D:7      | Reached skill level 1 in Invocations
  6515 | D:7      | Reached XP level 9. HP: 26/79 MP: 9/9
  6516 | D:7      | Reached skill level 1 in Armour
  7554 | D:8      | Reached *** piety under Makhleb
  7660 | D:8      | Noticed Prince Ribbit
  7745 | D:8      | Got a steaming whip
  7871 | D:8      | Found a hide-covered altar of Uskayaw.
  7937 | D:8      | Identified the +10 whip "Omelette" {flame, rPois MR+ Str+4} (You found it on level 8 of the Dungeon)
  8160 | D:8      | Killed Prince Ribbit
  8597 | D:8      | Reached **** piety under Makhleb
  8896 | D:9      | Found Madaysyda's General Store.
  8905 | D:9      | Bought a scroll of teleportation for 39 gold pieces
  8905 | D:9      | Bought a scroll of identify for 26 gold pieces
  9099 | D:9      | Found a sparkling altar of Nemelex Xobeh.
  9359 | D:10     | Entered Level 10 of the Dungeon
  9375 | D:10     | Found a staircase to the Orcish Mines.
  9563 | D:10     | Found a staircase to the Lair.
  9566 | D:10     | Noticed a komodo dragon
  9659 | D:10     | Killed a komodo dragon
  9659 | D:10     | Reached XP level 10. HP: 59/88 MP: 13/13
  9789 | D:10     | Reached skill level 5 in Long Blades
 10570 | D:10     | Noticed a two-headed ogre
 10578 | D:10     | Killed a two-headed ogre
 10578 | D:10     | Reached skill level 5 in Invocations
 10890 | D:10     | Reached ***** piety under Makhleb
 10992 | D:11     | Noticed a two-headed ogre
 11001 | D:11     | Mangled by a two-headed ogre

Skill      XL: |  1  2  3  4  5  6  7  8  9 10 |
---------------+-------------------------------+-----
Bows           | 6 7 8 9 10 12 | 12.6
Fighting       | 3 4 5 7 8 |  8.5
Long Blades    | 1 4 6 |  6.4
Invocations    | 1 4 5 |  5.4
Armour         | 2 3 |  3.7
Dodging        | |  1.3
Stealth        | |  0.4

Action                   |  1- 3 |  4- 6 |  7- 9 | 10-12 || total
-------------------------+-------+-------+-------+-------++-------
Melee: Short sword       |   123 |    80 |       |       ||   203
       Kick              |    23 |    16 |    15 |     8 ||    62
       Long sword        |       |     2 |    60 |    22 ||    84
 Fire: Shortbow          |    15 |   137 |   495 |   193 ||   840
Invok: Minor Destruction |       |       |     1 |       ||     1
  Use: Scroll            |     6 |     5 |     7 |       ||    18
       Potion            |     1 |     1 |     3 |       ||     5
  Eat: Chunk             |     2 |     6 |     7 |     3 ||    18
       Fruit             |       |     1 |       |       ||     1
       Meat ration       |       |       |     1 |       ||     1
Armor: Leather armour    |    34 |       |       |       ||    34
       Scale mail        |    13 |    33 |       |       ||    46
       Chain mail        |       |    53 |   121 |       ||   174
       Plate armour      |       |       |    11 |    71 ||    82
Dodge: Dodged            |    55 |    40 |    45 |    12 ||   152
       Rpst.: Long sword |       |     1 |     6 |       ||     7
